Map: Golden Wall LE

Players

Massa - Winner!

  • Race: Terran Terran
  • League: Gold
  • Spawn Location: 7:00

КузькинаМать

  • Race: Terran Terran
  • League: Platinum
  • Spawn Location: 5:00

VOD

Have the link to the VOD?

Description

Time

  • Played on: Aug. 27, 2020, 11:26 a.m.
  • Length: 10:21
Show
View Real Time Build Order
Export as new Build Order

Massa Terran - Winner!

Build Orders: Gas First Reaper Expand 

Get SALT Encoding   

  12  0:04  SCV  
  13  0:16  SCV  
  14  0:24  Supply Depot  
  14  0:28  SCV  
  15  0:31  Refinery  
  15  0:46  SCV  
  15  0:49  Barracks  
  16  0:58  SCV  
  17  1:10  SCV  
  18  1:42  SCV  
  19  1:48  Reaper  
  19  1:52  Command Center  
  20  1:58  Factory  
  20  2:00  SCV  
  21  2:08  Supply Depot  
  21  2:20  Marine  
  22  2:24  Orbital Command  
  21  2:44  Factory Tech Lab  
  21  2:47  Barracks Tech Lab  
  21  2:51  Refinery  
  21  2:53  SCV  
  21  2:58  Refinery  
  22  3:00  Engineering Bay  
  22  3:05  SCV  
  22  3:06  SCV  
  24  3:16  Siege Tank  
  24  3:17  SCV  
  28  3:37  Starport  
  28  3:39  Barracks  
  28  3:43  Missile Turret  
  28  3:49  Marauder  
  32  3:56  Widow Mine  
  32  3:58  Terran Infantry Weapons Level 1  
  32  4:01  Concussive Shells  
  32  4:04  SCV  
  32  4:06  SCV  
  34  4:14  Marauder  
  36  4:25  Medivac  
  36  4:28  Barracks Reactor  
  36  4:41  Widow Mine  
  36  4:44  Orbital Command  
  37  5:10  Marauder, Marine x2  
  37  5:13  Siege Tank  
  44  5:15  Medivac  
  46  5:23  Missile Turret  
  46  5:35  Supply Depot  
  46  5:39  Stimpack  
  46  5:55  Terran Infantry Armor Level 1  
  46  5:56  SCV x2, Marine x2  
  52  5:57  Marauder  
  52  6:01  Armory  
  52  6:09  SCV  
  53  6:14  Marine  
  54  6:22  Supply Depot  
  54  6:43  SCV x2, Marine x2  
  54  6:44  Widow Mine, Marauder  
  62  7:16  Supply Depot  
  62  7:19  Missile Turret  
  62  7:35  SCV  
  62  7:38  SCV, Marine, Viking, Siege Tank  
  62  7:39  Supply Depot  
  62  7:40  Marauder  
  69  7:47  SCV  
  65  8:02  Marauder  
  65  8:03  Supply Depot  
  67  8:08  Marine x2, Viking  
  67  8:10  Siege Tank  
  72  8:20  Command Center  
  72  8:23  Marauder  
  72  8:26  Marine x2  
  76  8:39  Missile Turret  
  78  8:44  Marine  
  78  8:45  Marauder  
  78  8:47  Starport Tech Lab  
  79  8:48  Marine  
  79  8:50  Combat Shield  
  80  9:02  Marine  
  81  9:03  Missile Turret  
  81  9:06  Marauder, Marine  
  84  9:19  Marine  
  84  9:24  Marine, Command Center  
Show
View Real Time Build Order
Export as new Build Order

КузькинаМать Terran 

Build Orders: Gas First Reaper Expand 

Get SALT Encoding   

  12  0:00  SCV  
  13  0:14  Supply Depot  
  13  0:18  SCV  
  14  0:29  Refinery  
  14  0:38  Barracks  
  14  0:46  SCV  
  15  0:58  SCV  
  16  1:10  SCV  
  17  1:22  SCV  
  18  1:28  Reaper  
  19  1:34  SCV  
  20  1:45  Command Center  
  20  1:46  SCV  
  21  1:56  Supply Depot  
  21  2:01  Barracks Reactor  
  21  2:08  Orbital Command  
  21  2:24  Factory  
  21  2:36  SCV  
  22  2:38  Refinery  
  22  2:41  Marine  
  22  2:42  Marine  
  24  2:58  SCV  
  25  2:59  Orbital Command  
  25  3:10  SCV  
  26  3:13  Starport  
  26  3:15  Barracks Tech Lab  
  26  3:18  Widow Mine x2  
  30  3:27  SCV  
  31  3:28  SCV  
  31  3:33  Refinery  
  32  3:37  Starport  
  32  3:40  SCV  
  33  3:44  Widow Mine  
  33  3:46  Widow Mine  
  37  3:49  SCV  
  38  3:58  SCV  
  38  4:00  Refinery  
  39  4:04  Supply Depot  
  39  4:11  SCV  
  40  4:20  Engineering Bay  
  40  4:21  Armory  
  40  4:22  Liberator  
  40  5:12  Liberator x2  
  40  5:14  Terran Ship Weapons Level 1  
  46  5:18  Armory  
  46  5:21  SCV  
  46  5:22  SCV  
  48  5:31  Supply Depot  
  48  5:33  SCV  
  48  5:34  Supply Depot  
  48  5:35  SCV  
  50  5:45  SCV  
  50  5:47  SCV  
  49  5:57  SCV  
  50  6:10  SCV  
  50  6:22  SCV  
  50  6:24  Widow Mine x2  
  50  6:25  SCV  
  56  6:27  Starport Tech Lab x2  
  56  6:34  SCV, Fusion Core  
  56  6:37  SCV  
  58  6:49  SCV  
  55  6:55  Command Center  
  55  6:58  Refinery  
  55  7:00  Missile Turret x2  
  55  7:01  SCV  
  56  7:13  Banshee x2  
  62  7:32  SCV  
  60  7:44  SCV  
  61  8:13  Refinery  
  61  8:16  Fusion Core  
  61  8:20  Armory  
  61  8:21  SCV, Armory  
  61  8:26  Planetary Fortress  
  62  8:28  SCV  
  62  8:33  SCV  
  64  8:38  Marine  
  64  8:40  Widow Mine x2, SCV  
  70  8:45  SCV  
  71  8:53  SCV, Command Center  
  72  8:55  Marine  
  72  8:57  SCV  
  74  9:05  SCV  
  74  9:06  SCV  
  74  9:09  SCV  
  77  9:20  SCV  
  77  9:40  SCV x2  
  70  9:52  SCV x2  
  77  10:08  SCV  
  77  10:10  Supply Depot  
  77  10:11  Supply Depot  
  77  10:12  Supply Depot  
  77  10:14  Supply Depot  
Tags
 
Add a new tag
Caveats
  • Supply blocks, unpowered buildings, or Contaminate may cause inaccurate times.
  • Supply counts are checked every 10 seconds.